 Dungeon Crawl Stone Soup version 0.20-a0-910-gb611367 (webtiles) character file.

106166 Rrauwl the Bludgeoner (level 15, -8/149 HPs)
             Began as a Troll Warper on Mar 23, 2017.
             Was the Champion of Okawaru.
             Mangled by an Ice Fiend (28 damage)
             ... in an ice cave.
             The game lasted 02:23:30 (23339 turns).

Rrauwl the Bludgeoner (Troll Warper)               Turns: 23339, Time: 02:23:31

Health: -8/149     AC: 18    Str: 26    XL:     15   Next: 96%
Magic:  21/21      EV: 11    Int: 10    God:    Okawaru [******]
Gold:   1535       SH:  0    Dex: 12    Spells: 18/23 levels left

rFire    + + +     SeeInvis +   Z - +10 giant club of Eternal Harmony {drain, MR+}
rCold    . . .     Gourm    +   F - +2 fire dragon scales
rNeg     + + .     Faith    +   (shield currently unavailable)
rPois    +         Spirit   .   w - +2 hat
rElec    .         Reflect  .   c - scarf {rC+}
rCorr    .         Harm     .   (gloves unavailable)
MR       ++...     Rnd*Rage +   (boots unavailable)
Stlth    ..........             G - amulet of faith
Regen    0.8/turn               b - +6 ring of slaying
MPRegen  0.2/turn               C - ring "Qicaukegri" {*Corrode rF+ rN++ SInv Stlth+}

@: no status effects
A: unfitting armour, claws 3, hooves 1, rugged brown scales 1, agile 1, berserk
1, fast metabolism 3, gourmand, poison resistance, regeneration 1, shaggy fur 1,
tough skin 2
a: Heroism, Finesse, Renounce Religion


You were in an ice cave.
You worshipped Okawaru.
Okawaru was exalted by your worship.
You were not hungry.

You visited 4 branches of the dungeon, and saw 23 of its levels.
You also visited: Labyrinth and Ice Cave.

You collected 1637 gold pieces.
You spent 102 gold pieces at shops.

Inventory:

Hand Weapons
 P - a +5 morningstar of holy wrath
 Z - the +10 giant club of Eternal Harmony (weapon) {drain, MR+}
   (Okawaru gifted it to you on level 15 of the Dungeon)

   A truly terrible weapon, it drains the life of those it strikes.
   It affects your resistance to hostile enchantments.
Missiles
 e - 5 tomahawks of dispersal
 t - 28 large rocks (quivered)
Armour
 c - a scarf of cold resistance (worn)
 w - a +2 hat (worn)
 F - +2 fire dragon scales (worn)
 X - the +4 large shield of Polish {rCorr Dex+2}
   (Okawaru gifted it to you on level 12 of the Dungeon)

   It affects your dexterity (+2).
   It protects you from acid and corrosion.
Magical Staves
 I - an uncursed staff of conjuration
Jewellery
 a - a +6 ring of slaying
 b - a +6 ring of slaying (right claw)
 r - an uncursed ring of protection from magic
 C - the ring "Qicaukegri" (left claw) {*Corrode rF+ rN++ SInv Stlth+}
   (You found it on level 13 of the Dungeon)

   [ring of stealth]

   It protects you from fire.
   It greatly protects you from negative energy.
   It lets you see invisible.
   It may corrode you when you take damage.
   It makes you more stealthy.
 G - an amulet of faith (around neck)
Wands
 g - a wand of acid (6/15)
 j - a wand of polymorph (12/24)
 u - a wand of disintegration (15/24)
 y - a wand of digging (18/24)
 L - a wand of acid (12/15)
 Q - a wand of digging (18/24)
Scrolls
 d - 4 scrolls of blinking
 h - 10 scrolls of teleportation
 l - a scroll of amnesia
 n - 14 scrolls of remove curse
 s - a scroll of recharging
 K - 4 scrolls of holy word
 N - a scroll of fear
 R - 3 scrolls of fog
Potions
 o - a potion of invisibility
 x - 3 potions of agility
 A - 9 potions of curing
 B - 3 potions of resistance
 D - 2 potions of cancellation
 E - 2 potions of flight
 H - 6 potions of might
Miscellaneous
 k - a fan of gales
 v - a sack of spiders
Comestibles
 m - 8 royal jellies
 z - 15 fruits


   Skills:
 + Level 8.7 Fighting
 + Level 15.3 Maces & Flails
 - Level 5.0 Throwing
 - Level 8.0 Armour
 - Level 8.2 Dodging
 - Level 7.0 Shields
 + Level 4.8 Spellcasting
 - Level 6.0 Translocations
 - Level 6.0 Invocations
 - Level 5.0 Evocations


You had 18 spell levels left.
You knew the following spells:

 Your Spells              Type           Power        Failure   Level  Hunger
a - Blink                 Tloc           N/A          10%         2    ##.....
b - Gell's Gravitas       Tloc           ##........   17%         3    ###....


Dungeon Overview and Level Annotations

Branches:
Dungeon (15/15)            Temple (1/1) D:4            Lair (6/6) D:8
 Shoals (0/4) Lair:2        Snake (1/4) Lair:3        Slime (0/5) Lair:6
    Orc (0/2) D:9          Vaults (0/5) D:13         Depths (0/5) D:15

Altars:
Ashenzari
Cheibriados
Dithmenos
Elyvilon
Fedhas
Gozag
Hepliaklqana
Kikubaaqudgha
Makhleb
Nemelex Xobeh
Okawaru
Qazlal
Ru
Sif Muna
Trog
Uskayaw
Vehumet
Wu Jian
Xom
Yredelemnul
Zin
The Shining One

Shops:
D:12 =

Annotations:
IceCv exclusion: ice statue


Innate Abilities, Weirdness & Mutations

You are too large for most types of armour.
You have claws for hands.
Your metabolism is lightning-fast.
You like to eat raw meat.
Your natural rate of healing is unusually fast.
You are covered in fur. (AC +1)
You have very tough skin. (AC +2)
You have large cloven feet.
You are partially covered in rugged brown scales. (AC +1, +3% HP)
You are agile. (Dex +2)
You tend to lose your temper in combat.
Your system is resistant to poisons. (rPois)


Message History

The Ice Fiend gestures at you. The bolt of cold hits you!
There is an open door here.
You hit the ice devil. You kick the ice devil.
The ice devil is lightly wounded.
You beat the ice devil like a drum!!!
You kill the ice devil!
Okawaru accepts your kill.
You start resting.
You sock the Ice Fiend! Your kick misses the Ice Fiend.
The Ice Fiend is lightly wounded.
The Ice Fiend claws you! The Ice Fiend freezes you!!!
* * * LOW HITPOINT WARNING * * *
The Ice Fiend claws you but does no damage.
You feel much better. The Ice Fiend claws you. The Ice Fiend freezes you!!
* * * LOW HITPOINT WARNING * * *
The Ice Fiend claws you!
* * * LOW HITPOINT WARNING * * *
The Ice Fiend freezes you!!
You die...

#.#...#.#
###'#...#'###
#.'.......'.#
###.8...8.###
#.'.......'.#
###.8...8.###
#.'.......'.#
###.8...8.###
#.'..@....'.#
######1######
..1..4.........
###8.#####.8###
## ##


You could see an Ice Fiend.

Vanquished Creatures
  Kirke (D:12)
  A ghoul (D:14)
  A minotaur (Lab)
  Josephine (Lair:6)
  A fire dragon (Lair:6)
  3 naga warriors (Snake:1)
  3 vault guards (D:13)
  4 hydras
  A death knight (D:13)
  The ghost of endorz the Cleaver, a novice MiBe of Trog (D:8)
  3 catoblepae
  7 centaur warriors
  A titan zombie (D:15)
  A queen ant (Lair:3)
  7 two-headed ogres
  3 tengu warriors
  A shock serpent (Snake:1)
  A vampire mage (D:15)
  2 naga sharpshooters (Snake:1)
  Nergalle (Lair:4)
  A spark wasp zombie (D:15)
  9 skeletal warriors
  A storm dragon skeleton (D:15)
  5 unseen horrors
  2 lindwurms (Lair:6)
  The ghost of Denreik the Covered, a novice FoAK of Lugonu (D:11)
  3 necromancers
  3 cyclopes
  A wolf spider (Lair:6)
  A fire giant zombie (D:15)
  A manticore (D:14)
  9 ugly things
  A salamander (Snake:1)
  4 centaur zombies
  3 elephants (Lair:3)
  2 guardian serpents
  16 black mambas
  5 torpor snails (Lair:6)
  2 ice statues (IceCv)
  3 naga magi (Snake:1)
  11 spiny frogs
  4 centaur skeletons
  The ghost of makewrite the Spear-Bearer, a novice DsFi (D:5)
  5 gargoyles
  3 rime drakes
  2 redback zombies (D:14)
  6 ice devils (IceCv)
  2 trolls
  17 komodo dragons
  2 polar bears (Lair:5)
  3 tengu conjurers (D:15)
  3 tyrant leeches (Lair:6)
  3 blink frogs (Lair:3)
  13 hornets
  4 slime creatures (D:11)
  8 hippogriffs
  3 redbacks (Lair:6)
  A shadow (D:15)
  11 wyverns
  3 dire elephant simulacra (IceCv)
  A hog (shapeshifter) (D:15)
  27 yaks
  6 wraiths
  16 humans (D:13)
  A basilisk (Lair:6)
  3 hungry ghosts
  4 harpy simulacra (IceCv)
  3 vampire mosquitoes (D:12)
  7 nagas
  2 two-headed ogre zombies (D:9)
  14 soldier ants (Lair:3)
  Edmund (D:6)
  An acid dragon (D:11)
  3 hydra simulacra (IceCv)
  24 water moccasins
  15 porcupines
  6 sky beasts
  Duvessa (D:4)
  7 orc warriors
  A meliai simulacrum (D:15)
  3 ice beasts
  2 phantoms
  A necrophage (D:10)
  A black bear (D:10)
  6 wolves (Lair:6)
  8 centaurs
  A hornet zombie (D:14)
  4 ogres
  20 crocodiles
  12 bullfrogs
  2 wyvern zombies (D:14)
  An earth elemental (Lab)
  Dowan (D:4)
  3 wyvern skeletons
  2 scorpions
  9 killer bees
  6 wights (D:11)
  2 howler monkeys
  9 crimson imps
  A bullfrog zombie (D:13)
  3 jellies
  9 orc priests
  3 hounds
  Crazy Yiuf (D:6)
  21 orc wizards
  2 iguanas
  40 worker ants
  A bullfrog simulacrum (D:12)
  6 ogre zombies (D:9)
  3 mummies (D:14)
  A hound skeleton (D:6)
  14 adders
  4 shadow imps
  An adder skeleton (D:5)
  3 adder zombies
  3 worms
  7 leopard geckos
  28 orcs
  3 giant cockroaches
  4 goblins
  2 hobgoblins
  18 jackals
  2 quokkas
  3 bats
  A frilled lizard (D:5)
  A giant cockroach zombie (D:6)
  A goblin skeleton (D:9)
  2 goblin zombies (D:9)
  2 hobgoblin skeletons (D:9)
  5 hobgoblin zombies (D:9)
  A jackal zombie (D:5)
  3 kobolds
  A leopard gecko skeleton (D:6)
  2 orc skeletons (D:9)
  13 orc zombies (D:9)
  4 rats
  A plant (Lair:6)
678 creatures vanquished.

Vanquished Creatures (collateral kills)
  A vault guard (D:13)
  A wizard (D:13)
  A necromancer (D:13)
3 creatures vanquished.

Vanquished Creatures (others)
  A bullfrog skeleton (D:4)
  3 bushes (D:15)
  8 fungi
  29 plants
  6 withered plants (D:15)
47 creatures vanquished.

Grand Total: 728 creatures vanquished

Notes
Turn   | Place    | Note
-------+----------+-------------------------------------------
     0 | D:1      | Rrauwl the Troll Warper began the quest for the Orb.
     0 | D:1      | Reached XP level 1. HP: 19/19 MP: 1/1
   159 | D:1      | Reached skill level 1 in Throwing
   204 | D:1      | You fall through a shaft!
   208 | D:2      | Reached skill level 2 in Maces & Flails
   224 | D:2      | Reached XP level 2. HP: 25/28 MP: 2/2
   433 | D:2      | Reached skill level 1 in Armour
   508 | D:2      | Reached XP level 3. HP: 35/35 MP: 3/3
   710 | D:2      | Learned a level 2 spell: Blink
   714 | D:2      | Found an opulent altar of Gozag.
   812 | D:2      | Found a sacrificial altar of Ru.
  1152 | D:3      | Found a sparkling altar of Nemelex Xobeh.
  1236 | D:3      | Reached XP level 4. HP: 35/42 MP: 4/4
  1779 | D:4      | Noticed Duvessa
  1784 | D:4      | Noticed Dowan
  1826 | D:4      | Gained mutation: You tend to lose your temper in combat. [potion of mutation]
  1826 | D:4      | Gained mutation: You are partially covered in rugged brown scales. (AC +1, +3% HP) [potion of mutation]
  1826 | D:4      | Gained mutation: Your system is resistant to poisons. (rPois) [potion of mutation]
  1837 | D:4      | Killed Duvessa
  1837 | D:4      | Reached skill level 3 in Maces & Flails
  1837 | D:4      | Reached XP level 5. HP: 27/53 MP: 5/5
  1849 | D:4      | Killed Dowan
  1849 | D:4      | Reached XP level 6. HP: 8/62 MP: 6/6
  1984 | D:4      | Found a bloodstained altar of Trog.
  2426 | D:4      | Found a staircase to the Ecumenical Temple.
  2435 | Temple   | Entered the Ecumenical Temple
  2455 | Temple   | Became a worshipper of Warmaster Okawaru
  2796 | D:5      | Entered Level 5 of the Dungeon
  2805 | D:5      | Reached skill level 4 in Maces & Flails
  2865 | D:5      | Noticed makewrite's ghost (novice DsFi)
  2903 | D:5      | Killed makewrite's ghost
  2903 | D:5      | Reached XP level 7. HP: 26/73 MP: 3/7
  3023 | D:5      | Reached skill level 5 in Maces & Flails
  3262 | D:5      | Found a stormy altar of Qazlal.
  3388 | D:6      | Reached * piety under Okawaru
  3388 | D:6      | Reached skill level 6 in Maces & Flails
  3388 | D:6      | Reached XP level 8. HP: 62/81 MP: 8/8
  3521 | D:6      | Reached skill level 1 in Invocations
  3594 | D:6      | Noticed Edmund
  3606 | D:6      | Killed Edmund
  3795 | D:6      | Reached skill level 5 in Fighting
  3926 | D:6      | Found a runed door.
  3930 | D:6      | Noticed Crazy Yiuf
  3938 | D:6      | Killed Crazy Yiuf
  3938 | D:6      | Reached skill level 7 in Maces & Flails
  4421 | D:6      | Reached skill level 8 in Maces & Flails
  4490 | D:6      | Found a glowing golden altar of the Shining One.
  4658 | D:7      | Reached ** piety under Okawaru
  4801 | D:7      | Reached XP level 9. HP: 90/90 MP: 9/9
  5009 | D:7      | Found a white marble altar of Elyvilon.
  5370 | D:8      | Found a staircase to the Lair.
  5395 | D:8      | Found a snail-covered altar of Cheibriados.
  5419 | D:8      | Reached skill level 1 in Evocations
  5517 | D:8      | Noticed endorz's ghost (novice MiBe)
  5538 | D:8      | Killed endorz's ghost
  5538 | D:8      | Reached *** piety under Okawaru
  5538 | D:8      | Reached skill level 9 in Maces & Flails
  5839 | Lair:1   | Entered Level 1 of the Lair of Beasts
  5839 | Lair:1   | Found a labyrinth entrance.
  5839 | Lair:1   | Noticed a black mamba
  5851 | Lair:1   | Killed a black mamba
  5935 | Lab      | Entered a labyrinth
  6228 | Lab      | Noticed a gargoyle
  6237 | Lab      | Killed a gargoyle
  6237 | Lab      | Reached XP level 10. HP: 88/98 MP: 9/12
  6374 | Lab      | Noticed a minotaur
  6384 | Lab      | Killed a minotaur
  6384 | Lab      | Reached **** piety under Okawaru
  6384 | Lab      | Reached skill level 10 in Maces & Flails
  6544 | Lab      | Got a smoking robe
  6557 | Lair:1   | Identified the +2 robe of Youthful Indiscretion {rN+ Int+3} (You found it in a labyrinth)
  6660 | Lair:1   | Noticed a spiny frog
  6673 | Lair:1   | Killed a spiny frog
  6701 | Lair:1   | Noticed a spiny frog
  6709 | Lair:1   | Killed a spiny frog
  6711 | Lair:1   | Reached skill level 5 in Evocations
  6791 | Lair:1   | Identified a scroll of acquirement
  6901 | Lair:1   | Reached skill level 11 in Maces & Flails
  6920 | Lair:1   | Noticed a spiny frog
  6932 | Lair:1   | Killed a spiny frog
  7000 | Lair:1   | Reached ***** piety under Okawaru
  7030 | Lair:1   | Noticed a six-headed hydra
  7050 | Lair:1   | Killed a six-headed hydra
  7123 | Lair:1   | Received a gift from Okawaru
  7123 | Lair:1   | Reached XP level 11. HP: 59/105 MP: 13/13
  7124 | Lair:1   | Got a scorched large shield {god gift}
  7489 | Lair:2   | Got a silken robe
  7500 | Lair:2   | Identified the +1 robe of Fortitude {*Slow rN+ Int+8 Dex-3} (You found it on level 2 of the Lair of Beasts)
  7880 | Lair:2   | Found a staircase to the Shoals.
  8584 | Lair:3   | Found a staircase to the Snake Pit.
  8764 | Lair:3   | Reached skill level 1 in Shields
  8786 | Lair:3   | Noticed a seven-headed hydra
  8794 | Lair:3   | Killed a seven-headed hydra
  9128 | Lair:3   | Reached skill level 12 in Maces & Flails
  9143 | Lair:3   | Noticed a queen ant
  9179 | Lair:3   | Killed a queen ant
  9405 | Lair:3   | Identified the +6 large shield of Dim Light {*Corrode Int+7 Dex+6} (Okawaru gifted it to you on level 1 of the Lair of Beasts)
  9470 | Lair:3   | Received a gift from Okawaru
  9470 | Lair:3   | Reached XP level 12. HP: 117/117 MP: 11/14
 10045 | Lair:4   | Noticed Nergalle
 10058 | Lair:4   | Killed Nergalle
 10175 | Lair:4   | Noticed a catoblepas
 10189 | Lair:4   | Killed a catoblepas
 10719 | Lair:4   | Reached skill level 5 in Armour
 10874 | Lair:5   | Received a gift from Okawaru
 10883 | Lair:5   | Reached skill level 13 in Maces & Flails
 10922 | Lair:5   | Reached skill level 5 in Dodging
 11057 | Lair:5   | Reached ****** piety under Okawaru
 11230 | Lair:5   | Received a gift from Okawaru
 11231 | Lair:5   | Got a crude robe {god gift}
 11242 | Lair:5   | Identified the +2 robe of the Serpent {rN++ Regen+ Int+4} (Okawaru gifted it to you on level 5 of the Lair of Beasts)
 11638 | Lair:5   | Noticed a seven-headed hydra
 11651 | Lair:5   | Killed a seven-headed hydra
 11960 | Lair:6   | Entered Level 6 of the Lair of Beasts
 11975 | Lair:6   | Found a glowing golden altar of the Shining One.
 12180 | Lair:6   | Reached XP level 13. HP: 103/125 MP: 15/15
 12788 | Lair:6   | Reached skill level 5 in Invocations
 12862 | Lair:6   | Noticed Josephine
 12872 | Lair:6   | Killed Josephine
 13098 | Lair:6   | Found a staircase to the Slime Pits.
 13176 | Lair:6   | Learned a level 3 spell: Gell's Gravitas
 13359 | Lair:6   | Found a runed door.
 13377 | Lair:6   | Noticed a fire dragon
 13392 | Lair:6   | Killed a fire dragon
 13503 | Lair:6   | Received a gift from Okawaru
 13508 | Lair:6   | Got a steaming quarterstaff {god gift}
 13509 | Lair:6   | Identified the +1 quarterstaff "Lifebane" {crush, rN+ Str+4} (Okawaru gifted it to you on level 6 of the Lair of Beasts)
 14696 | D:9      | Received a gift from Okawaru
 14930 | D:9      | Found a staircase to the Orcish Mines.
 15010 | D:9      | Reached skill level 5 in Throwing
 15010 | D:9      | Reached XP level 14. HP: 92/136 MP: 17/17
 15728 | D:10     | Entered Level 10 of the Dungeon
 16759 | D:11     | Gained mutation: You have large cloven feet. [mutagenic meat]
 16760 | D:11     | Gained mutation: You are agile. (Dex +2) [mutagenic meat]
 16872 | D:11     | Noticed Denreik's ghost (novice FoAK)
 16885 | D:11     | Killed Denreik's ghost
 17523 | D:12     | Found Heplaudgh's Jewellery Shop.
 17532 | D:12     | Bought a cursed ring of teleportation for 54 gold pieces
 17532 | D:12     | Bought a cursed -5 ring of dexterity for 24 gold pieces
 17532 | D:12     | Bought a cursed amulet of inaccuracy for 24 gold pieces
 17567 | D:12     | Reached skill level 14 in Maces & Flails
 17593 | D:12     | Found a blossoming altar of Fedhas.
 17794 | D:12     | Received a gift from Okawaru
 17795 | D:12     | Got an ichor-stained large shield {god gift}
 17801 | D:12     | Identified the +4 large shield of Polish {rCorr Dex+2} (Okawaru gifted it to you on level 12 of the Dungeon)
 18367 | D:12     | Noticed Kirke
 18376 | D:12     | Killed Kirke
 19241 | D:13     | Reached skill level 5 in Shields
 19367 | D:13     | Received a gift from Okawaru
 19389 | D:13     | Got a transparent bronze ring
 19391 | D:13     | Identified the ring "Qicaukegri" {*Corrode rF+ rN++ SInv Stlth+} (You found it on level 13 of the Dungeon)
 19462 | D:13     | Found a gate to the Vaults.
 19475 | D:13     | Received a gift from Okawaru
 20085 | D:14     | Got an encrusted bardiche
 20091 | D:14     | Identified the +9 bardiche of Rrauwl's Slow Death {chaos, +Fly rC- rN+++ Int-4} (You found it on level 14 of the Dungeon)
 20133 | D:14     | Reached XP level 15. HP: 147/147 MP: 20/20
 20491 | D:14     | Received a gift from Okawaru
 21017 | D:15     | Entered Level 15 of the Dungeon
 21141 | D:15     | Received a gift from Okawaru
 21157 | D:15     | Received a gift from Okawaru
 21157 | D:15     | Reached skill level 5 in Translocations
 21158 | D:15     | Got a warped mace {god gift}
 21159 | D:15     | Identified the +9 mace of Plunder {crush, *Corrode rC+++ MP+9 SInv} (Okawaru gifted it to you on level 15 of the Dungeon)
 21718 | D:15     | Reached skill level 15 in Maces & Flails
 21723 | D:15     | Found a staircase to the Depths.
 21861 | D:15     | Received a gift from Okawaru
 21862 | D:15     | Got a twisted giant club {god gift}
 21868 | D:15     | Identified the +10 giant club of Eternal Harmony {drain, MR+} (Okawaru gifted it to you on level 15 of the Dungeon)
 22197 | Snake:1  | Entered Level 1 of the Snake Pit
 22739 | Snake:1  | Found a frozen archway.
 22746 | IceCv    | Entered an ice cave
 22761 | IceCv    | Received a gift from Okawaru
 23332 | IceCv    | Noticed an Ice Fiend
 23339 | IceCv    | Mangled by an Ice Fiend

Vault maps used:
D:1:      dpeg_arrival_round_c
D:2:      overflow_temple_1_default, nicolae_gozag_seed_capital
D:3:      old_standard_altar
D:4:      lemuel_temple_firewalk_b, trog_book, uniq_duvessa
D:5:      first_bread, nicolae_qazlal_eye_of_the_storm
D:6:      minmay_flawed_box, nicolae_tso_swordbearing_angel,
          kennysheep_cross_room, moated_statue, uniq_crazy_yiuf_cottage,
          uniq_edmund
D:7:      kennysheep_mini_moat
D:8:      lemuel_crystal_altar, lair_entry_dummy
D:9:      zombieorc2_lemuel, grunt_ogre_cave
D:10:     minivault_11
D:12:     minmay_cut_squares, serial_shops, shop, minmay_misc_feat_ornament,
          minivault_27, fedhas_altar_1, uniq_kirke
D:13:     grunt_vaults_entry_tiered
D:14:     minivault_24, serial_undead, serial_undead_d, serial_undead_e,
          serial_undead_f, serial_undead_d
D:15:     gammafunk_depths_entry_grave, minmay_hedge_maze
Temple:   nicolae_temple_elliptical
Lair:1:   lab_entry_generic
Lair:2:   shoals_dummy_entry, beast_lair_carwin_9
Lair:3:   guppyfry_snake_entry_garden, zaba_anthell
Lair:4:   uniq_nergalle
Lair:5:   cheibrodos_lair_reptile_den
Lair:6:   wormcave, hangedman_lair_tendril_chambers, dpeg_slime_entry_corner,
          basic_altar, infiniplex_staircase_pool_2, uniq_josephine
Snake:1:  portal_ice_cave_entry_pillars_three, spider_trap
Lab:      labyrinth_watery, nicolae_lab_checkerboard, lab_fountain,
          nicolae_lab_grate_2, labyrinth_skeletal_remains, nicolae_lab_statue,
          nicolae_lab_flowing_pool, nicolae_lab_big_swirl,
          labyrinth_baited_teleportation_trap, nicolae_lab_x
IceCv:    ice_cave_tombish

Skill      XL: |  1  2  3  4  5  6  7  8  9 10 11 12 13 14 15 |
---------------+----------------------------------------------+-----
Dodging        | 2 3 5 6 8 |  8.2
Throwing       | 1 2 5 |  5.0
Maces & Flails | 2 3 4 6 8 9 11 12 13 14 15 | 15.3
Fighting       | 2 3 4 5 6 7 8 |  8.7
Armour         | 1 2 3 6 7 8 |  8.0
Invocations    | 2 3 4 5 6 |  6.0
Evocations     | 3 5 |  5.0
Spellcasting   | 2 4 |  4.8
Translocations | 3 4 6 |  6.0
Shields        | 4 5 7 |  7.0

Action                   |  1- 3 |  4- 6 |  7- 9 | 10-12 | 13-15 || total
-------------------------+-------+-------+-------+-------+-------++-------
Melee: Mace              |   105 |    94 |       |       |       ||   199
       Giant club        |       |    74 |   135 |       |   137 ||   346
       Dire flail        |       |       |   186 |   464 |       ||   650
       Morningstar       |       |       |       |   282 |  1384 ||  1666
       Kick              |       |       |       |       |   380 ||   380
       Giant spiked club |       |       |       |       |   145 ||   145
       Punch             |       |       |       |       |     1 ||     1
 Cast: Blink             |       |     5 |     1 |     2 |     2 ||    10
Invok: Heroism           |       |       |     2 |    10 |    20 ||    32
       Finesse           |       |       |       |     1 |     2 ||     3
Evoke: Wand              |       |       |       |       |     2 ||     2
       Box of beasts     |       |       |       |       |     1 ||     1
  Use: Scroll            |       |     9 |     9 |    12 |    14 ||    44
       Potion            |       |     5 |     4 |     3 |     6 ||    18
 Stab: Sleeping          |     1 |       |       |       |       ||     1
       Distracted        |       |       |     1 |       |     2 ||     3
  Eat: Chunk             |    17 |    15 |    25 |    60 |   114 ||   231
       Fruit             |       |       |       |     3 |       ||     3
       Bread ration      |       |       |       |       |     1 ||     1
Armor: Robe              |    52 |    69 |   143 |   174 |    92 ||   530
       Skin              |       |       |     3 |       |       ||     3
       Fire dragon scale |       |       |       |       |   386 ||   386
Dodge: Dodged            |    80 |   109 |   130 |   277 |   522 ||  1118
Block: Large shield      |       |       |       |       |   484 ||   484
